 Dungeon Sprint DCSS version 0.29.1-15-g9cfb28693d (webtiles) character file.

Game seed: 8985931883951539275

194480 boopmooplesden the Swordmaster (level 16, -3/183 HPs)
             Began as a Minotaur Berserker on Mar 10, 2023.
             Was the Champion of Trog.
             Slain by a war gargoyle
             ... wielding a +1 flail of holy wrath
              (18 damage)
             ... in the Dungeon (Sprint IX: "|||||||||||||||||||||||||||||").
             The game lasted 00:20:37 (8049 turns).

boopmooplesden the Swordmaster (Minotaur Berserker) Turns: 8049, Time: 00:20:37

Health: -3/183     AC: 52    Str: 28    XL:     16   Next: 53%
Magic:  30/30      EV: 12    Int:  4    God:    Trog [******]
Gold:   1909       SH:  0    Dex: 12    Spells: 15/15 levels left

rFire   . . .      SeeInvis .   K - +8 great sword of Agnosticism {vorpal, Fragile rElec rPois}
rCold   . . .      Faith    .   (shield currently unavailable)
rNeg    . . .      Spirit   .   F - +7 crystal plate armour "Nunnaf" {rPois MP+9 Int-3}
rPois   +          Reflect  .   (helmet restricted)
rElec   +          Harm     .   G - +2 cloak
rCorr   .          Rampage  .   H - +2 pair of gloves
Will    +++..      NoTele   +   O - +2 pair of boots {Stlth+}
Stlth   ..........              (no amulet)
HPRegen 1.40/turn               p - +3 ring of intelligence
MPRegen 0.22/turn               o - +2 ring of protection

@: strong-willed, on berserk cooldown, regenerating
A: horns 2, retaliatory headbutt
}: 4/17 runes: decaying, serpentine, barnacled, gossamer
a: Renounce Religion, Berserk, Trog's Hand, Brothers in Arms


You were in the Dungeon.
You worshipped Trog.
Trog was exalted by your worship.
You visited 1 branch You collected 1909 gold pieces.

Inventory:

Hand Weapons
 a - a +0 mace
 e - a +4 long sword of holy wrath
 k - a +2 vorpal morningstar
 u - a +6 antimagic demon blade
 x - a +7 great sword of flaming
 y - a +6 triple sword of flaming
 z - a +0 long sword
 J - the +6 scimitar "Killer Klown's Foe" {flame, rF+ MP-9 Str+2}
   (Trog gifted it to you in the Dungeon)

   It burns those it strikes, dealing additional fire damage.
   Big, fiery blades are also staple armaments of hydra-hunters.
   Str:       It affects your strength (+2).
   rF:        It protects you from fire.
   MP:        It affects your magic capacity (-9).
 K - the +8 great sword of Agnosticism (weapon) {vorpal, Fragile rElec rPois}
   (Trog gifted it to you in the Dungeon)

   It inflicts extra damage upon your enemies.
   rElec:     It insulates you from electricity.
   rPois:     It protects you from poison.
   Fragile:   It will be destroyed if unequipped.
Missiles
 s - a throwing net (quivered)
Armour
 n - a +0 plate armour
 v - a +0 cloak
 w - a +2 pair of boots
 F - the +7 crystal plate armour "Nunnaf" (worn) {rPois MP+9 Int-3}
   (You found it in the Dungeon)

   Int:       It affects your intelligence (-3).
   rPois:     It protects you from poison.
   MP:        It affects your magic capacity (+9).
 G - a +2 cloak (worn)
 H - a +2 pair of gloves (worn)
 O - a +2 pair of boots of stealth (worn)
Jewellery
 d - a +2 ring of slaying
 o - a +2 ring of protection (right hand)
 p - a +3 ring of intelligence (left hand)
 B - a ring of protection from fire
 C - a ring of positive energy
 D - a ring of poison resistance
 E - a ring of protection from fire
 L - a ring of protection from fire
 M - a ring of flight
 N - a +4 ring of evasion
Wands
 j - a wand of iceblast (10)
 A - a wand of paralysis (8)
Scrolls
 q - 3 scrolls of identify
 r - 2 scrolls of enchant armour
 t - 6 scrolls of fear
 I - 5 scrolls of fog
Potions
 c - 4 potions of curing
 f - 4 potions of magic
 g - 4 potions of berserk rage
 i - a potion of invisibility


   Skills:
 O Level 27 Fighting
 + Level 10.3(19.2) Short Blades
 O Level 27 Long Blades
 + Level 11.2(17.2) Axes
 + Level 17.8(20.0) Maces & Flails
 + Level 11.3(14.8) Polearms
 + Level 11.2(17.1) Staves
 + Level 10.3 Ranged Weapons
 + Level 9.5 Throwing
 O Level 27 Armour
 + Level 13.3 Dodging
 + Level 9.4 Stealth
 + Level 11.2 Shields
 + Level 9.7 Unarmed Combat
 + Level 8.9 Invocations
 + Level 8.1 Evocations


You had 15 spell levels left.
You didn't know any spells.
Your spell library was empty.

Dungeon Overview and Level Annotations

Branches:
Dungeon (1/1)

Altars:
Cheibriados
Dithmenos
Elyvilon
Fedhas
Gozag
Hepliaklqana
Kikubaaqudgha
Makhleb
Nemelex Xobeh
Okawaru
Qazlal
Ru
Sif Muna
Trog
Uskayaw
Vehumet
Wu Jian
Xom
Yredelemnul
Zin
The Shining One
Jiyva
Lugonu

Shops:
D =!:=


Innate Abilities, Weirdness & Mutations

You have a pair of horns on your head.
You reflexively headbutt those who attack you in melee.


Message History

Found 11 gold pieces.
You see here a +0 buckler.
A war gargoyle comes into view.
It is wielding a +1 flail of holy wrath.
Found a whip.
A yaktaur captain comes into view.
Found 4 stones.
The yaktaur captain shouts!
Your skin crawls.
You feel strong-willed.
The war gargoyle launches metal splinters at you.
The spray of metal splinters hits you but does no damage.
You hit the war gargoyle. You headbutt the war gargoyle.
The war gargoyle is lightly damaged.
The war gargoyle hits you but does no damage.
You slash the war gargoyle!
You headbutt the war gargoyle, but do no damage.
The war gargoyle is moderately damaged.
The war gargoyle barely misses you. You furiously retaliate!
You headbutt the war gargoyle, but do no damage.
The war gargoyle barely misses you.
You hit the war gargoyle but do no damage.
The war gargoyle is moderately damaged.
The war gargoyle launches metal splinters at you.
The spray of metal splinters hits you but does no damage.
You hit the war gargoyle.
You headbutt the war gargoyle, but do no damage.
The war gargoyle is heavily damaged.
The war gargoyle hits you with a +1 flail of holy wrath!
* * * LOW HITPOINT WARNING * * *
The war gargoyle hits you but does no damage.
You feel better.
The war gargoyle launches metal splinters at you.
The spray of metal splinters hits you but does no damage.
The war gargoyle hits you but does no damage.
You feel better.
You feel yourself speed up.
The war gargoyle hits you with a +1 flail of holy wrath!
* * * LOW HITPOINT WARNING * * *
The war gargoyle hits you with a +1 flail of holy wrath!!
You die...

.[[.[[[.....!.............['.....
▓▓▓▓▓▓▓▓▓▓▓▓▓▓▓▓▓▓▓▓▓▓▓▓▓▓▓▓▓▓▓▓▓
.......................).........
♣♣♣♣♣▓▓▓▓▓▓▓▓▓▓▓▓▓▓▓▓▓▓▓▓▓▓▓▓▓▓▓▓
.....).)...........')))))))......
♣♣♣♣♣▓▓▓▓▓▓▓▓▓▓▓▓▓▓▓▓▓▓▓▓▓▓▓▓▓▓▓▓
................................)
▓▓▓▓▓▓▓▓▓▓▓▓▓▓▓▓▓▓▓▓▓▓▓▓▓▓▓▓▓▓▓▓▓
).....')))))).[.@9c).$)(
▓▓▓▓▓▓▓▓▓▓▓▓▓▓▓▓▓▓▓▓▓▓▓▓


You could see a yaktaur captain and a war gargoyle (catching breath).

Vanquished Creatures
  Mara (D)
  Frederick (D)
  Boris (D)
  Xtahua (D)
  Jory (D)
  Nikola (D)
  Agnes (D)
  Donald (D)
  2 shadow dragons (D)
  Ilsuiw (D)
  2 nagarajas (D)
  2 frost giants (D)
  An iron dragon (D)
  2 fire giants (D)
  3 emperor scorpions (D)
  Louise (D)
  A broodmother (D)
  3 ironbound preservers (D)
  3 stone giants (D)
  A war gargoyle (D)
  2 very ugly things (D)
  Azrael (D)
  A bunyip (D)
  An entropy weaver (D)
  6 merfolk impalers (D)
  6 yaktaur captains (D)
  2 merfolk javelineers (D)
  A great orb of eyes (D)
  3 ice dragons (D)
  6 hydras (D)
  25 vault guards (D)
  3 centaur warriors (D)
  A spriggan air mage (D)
  3 anacondas (D)
  2 ironbound frosthearts (D)
  An alligator (D)
  Erica (D)
  A merfolk avatar (D)
  A satyr (D)
  2 merfolk aquamancers (D)
  A tengu warrior (D)
  A naga warrior (D)
  A vampire mage (D)
  A deep troll earth mage (D)
  2 deep troll shamans (D)
  8 orc high priests (D)
  Nergalle (D)
  2 spriggan berserkers (D)
  A naga sharpshooter (D)
  2 pharaoh ants (D)
  A goliath frog (D)
  A skeletal warrior (D)
  A sea snake (D)
  A steelbarb worm (D)
  3 glowing orange brains (D)
  8 swamp dragons (D)
  A bog body (D)
  A wizard (D)
  3 deep elf pyromancers (D)
  An ironbound convoker (D)
  2 necromancers (D)
  2 wolf spiders (D)
  4 orc knights (D)
  A harpy (D)
  An orc sorcerer (D)
  An ugly thing (D)
  A will-o-the-wisp (D)
  A phantasmal warrior (D)
  A salamander (D)
  2 cyclopes (D)
  4 manticores (D)
  A moth of wrath (D)
  2 elephants (shapeshifter) (D)
  2 vault sentinels (D)
  2 guardian serpents (D)
  4 black mambas (D)
  3 naga magi (D)
  A merfolk siren (D)
  3 cane toads (D)
  A gargoyle (D)
  A rime drake (D)
  A komodo dragon (D)
  Psyche (D)
  2 tengu conjurers (D)
  5 demonic crawlers (D)
  2 merfolk (D)
  A wind drake (D)
  4 polar bears (D)
  A tyrant leech (D)
  2 hornets (D)
  3 slime creatures (D)
  2 jumping spiders (D)
  A wyvern (D)
  2 spriggans (D)
  4 yaks (D)
  3 fire elementals (D)
  Eustachio (D)
  A steam dragon (D)
  2 vampire mosquitoes (D)
  A redback (D)
  3 nagas (D)
  An acid dragon (D)
  A hell hound (D)
  A water moccasin (D)
  A swamp drake (D)
  8 orc warriors (D)
  6 black bears (D)
  A wolf (D)
  A centaur (D)
  A bullfrog (D)
  A scorpion (D)
  2 howler monkeys (D)
  2 jellies (D)
  7 orc priests (D)
  An iguana (D)
  4 orc wizards (D)
  An adder (D)
  4 orcs (D)
  An endoplasm (D)
  2 giant cockroaches (D)
  A hobgoblin (D)
  A kobold (D)
270 creatures vanquished.

Vanquished Creatures (collateral kills)
  2 nagarajas (D)
  An iron dragon (D)
  2 emperor scorpions (D)
  2 very ugly things (D)
  2 ironbound thunderhulks (D)
  A tengu warrior (D)
  An orc high priest (D)
  A lindwurm (D)
  2 guardian serpents (D)
  A tengu conjurer (D)
  A slime creature (D)
  A redback (D)
  An orc priest (D)
18 creatures vanquished.

Vanquished Creatures (others)
  A foxfire (D)
1 creature vanquished.

Grand Total: 289 creatures vanquished

Notes
Turn   | Place    | Note
-------+----------+-------------------------------------------
     0 | D        | boopmooplesden the Minotaur Berserker began the quest for
                  | the Orb.
     0 | D        | Reached XP level 1. HP: 19/19 MP: 0/0
     8 | D        | Reached ** piety under Trog
    23 | D        | Noticed a scorpion
    23 | D        | Noticed a jelly
    23 | D        | Noticed a jelly
    23 | D        | Noticed an iguana
    27 | D        | Reached skill level 5 in Fighting
    27 | D        | Reached skill level 5 in Maces & Flails
    27 | D        | Reached XP level 2. HP: 29/29 MP: 1/1
    28 | D        | Killed a scorpion
    28 | D        | Reached *** piety under Trog
    29 | D        | Reached XP level 3. HP: 38/38 MP: 2/2
    29 | D        | Reached XP level 4. HP: 45/45 MP: 3/3
    36 | D        | Reached XP level 5. HP: 39/53 MP: 4/4
   147 | D        | Found a snail-covered altar of Cheibriados.
   147 | D        | Found a shadowy altar of Dithmenos.
   147 | D        | Found a white marble altar of Elyvilon.
   147 | D        | Found a blossoming altar of Fedhas.
   147 | D        | Found an opulent altar of Gozag.
   148 | D        | Found a hazy altar of Hepliaklqana.
   149 | D        | Found a viscous altar of Jiyva.
   150 | D        | Found an ancient bone altar of Kikubaaqudgha.
   151 | D        | Found a corrupted altar of Lugonu.
   152 | D        | Found a burning altar of Makhleb.
   153 | D        | Found a sparkling altar of Nemelex Xobeh.
   154 | D        | Found an iron altar of Okawaru.
   155 | D        | Found a stormy altar of Qazlal.
   156 | D        | Found a sacrificial altar of Ru.
   157 | D        | Found a shimmering blue altar of Sif Muna.
   158 | D        | Found a bloodstained altar of Trog.
   159 | D        | Found a hide-covered altar of Uskayaw.
   160 | D        | Found a radiant altar of Vehumet.
   161 | D        | Found an ornate altar of the Wu Jian Council.
   162 | D        | Found a shimmering altar of Xom.
   163 | D        | Found a basalt altar of Yredelemnul.
   164 | D        | Found a glowing silver altar of Zin.
   165 | D        | Found a glowing golden altar of the Shining One.
   181 | D        | Got the +2 scimitar "Collar" {vorpal, Fragile Fly rPois}
   210 | D        | Noticed a yak
   210 | D        | Noticed an acid dragon
   210 | D        | Noticed a vampire mosquito
   210 | D        | Noticed a centaur
   215 | D        | Killed a yak
   215 | D        | Reached **** piety under Trog
   216 | D        | Reached skill level 1 in Long Blades
   216 | D        | Reached skill level 10 in Maces & Flails
   216 | D        | Reached skill level 5 in Armour
   216 | D        | Reached skill level 5 in Dodging
   216 | D        | Reached XP level 6. HP: 64/64 MP: 5/5
   217 | D        | Killed an acid dragon
   218 | D        | Reached skill level 10 in Fighting
   232 | D        | Killed a vampire mosquito
   233 | D        | Reached XP level 7. HP: 39/74 MP: 6/6
   415 | D        | Noticed a deep elf pyromancer
   415 | D        | Noticed a slime creature
   415 | D        | Noticed a cyclops
   415 | D        | Noticed a slime creature
   415 | D        | Noticed a gargoyle
   415 | D        | Noticed a green ugly thing
   417 | D        | Noticed a fire elemental
   422 | D        | Killed a deep elf pyromancer
   422 | D        | Reached ***** piety under Trog
   423 | D        | Reached skill level 1 in Stealth
   423 | D        | Reached XP level 8. HP: 74/83 MP: 7/7
   427 | D        | Killed a slime creature
   430 | D        | Killed a cyclops
   434 | D        | Killed a slime creature
   445 | D        | Killed a green ugly thing
   446 | D        | Reached skill level 10 in Long Blades
   446 | D        | Reached XP level 9. HP: 27/93 MP: 8/8
   446 | D        | HP: 4/93 [gargoyle/+0 flail (10)]
   456 | D        | Killed a gargoyle
   457 | D        | Reached skill level 10 in Armour
   958 | D        | Noticed a cane toad
   958 | D        | Noticed a polar bear
   964 | D        | Killed a cane toad
   964 | D        | Noticed a cane toad
   965 | D        | Noticed a komodo dragon
   970 | D        | Killed a polar bear
   975 | D        | Noticed a black mamba
   979 | D        | Received a gift from Trog
   987 | D        | Killed a cane toad
   991 | D        | Killed a komodo dragon
   992 | D        | Reached XP level 10. HP: 56/104 MP: 9/9
   999 | D        | Killed a black mamba
  1346 | D        | Noticed a black mamba
  1347 | D        | Noticed a five-headed hydra
  1352 | D        | Reached skill level 15 in Long Blades
  1354 | D        | Noticed a cane toad
  1357 | D        | Killed a black mamba
  1361 | D        | Reached skill level 15 in Fighting
  1367 | D        | Killed a ten-headed hydra
  1367 | D        | Reached ****** piety under Trog
  1369 | D        | Received a gift from Trog
  1379 | D        | Killed a cane toad
  1606 | D        | Received a gift from Trog
  1769 | D        | Noticed an orc knight
  1788 | D        | Killed an orc knight
  1789 | D        | Reached XP level 11. HP: 115/115 MP: 3/10
  1795 | D        | Received a gift from Trog
  2103 | D        | Noticed an orc knight
  2103 | D        | Noticed an orc knight
  2103 | D        | Noticed an orc high priest
  2105 | D        | Noticed an orc knight
  2111 | D        | Killed an orc knight
  2111 | D        | Received a gift from Trog
  2120 | D        | Killed an orc knight
  2124 | D        | Noticed an orc sorcerer
  2127 | D        | Reached skill level 15 in Armour
  2130 | D        | Killed an orc high priest
  2144 | D        | HP: 4/117 [orc knight/+0 battleaxe (19)]
  2147 | D        | Killed an orc knight
  2152 | D        | Killed an orc sorcerer
  2152 | D        | Received a gift from Trog
  2162 | D        | Received a gift from Trog
  2211 | D        | Found Cetuados's Jewellery Emporium.
  2211 | D        | Noticed an orc high priest
  2211 | D        | Noticed an orc high priest
  2213 | D        | Noticed an orc high priest
  2214 | D        | Noticed an orc high priest
  2216 | D        | Killed an orc high priest
  2218 | D        | Found Naungot's Distillery.
  2218 | D        | Noticed an orc high priest
  2222 | D        | Killed an orc high priest
  2223 | D        | Reached skill level 1 in Shields
  2223 | D        | Noticed a soul eater
  2229 | D        | Killed an orc high priest
  2241 | D        | Killed an orc high priest
  2242 | D        | Killed an orc high priest
  2242 | D        | Received a gift from Trog
  2243 | D        | Found Vurayroz's Book Emporium.
  2245 | D        | Noticed an orc high priest
  2246 | D        | Found Kisepn's Jewellery Shoppe.
  2247 | D        | Noticed an orc high priest
  2250 | D        | Noticed an orc high priest
  2256 | D        | Killed an orc high priest
  2266 | D        | Noticed a sun demon
  2268 | D        | Killed an orc high priest
  2273 | D        | Killed an orc high priest
  2274 | D        | Reached XP level 12. HP: 26/130 MP: 11/11
  2656 | D        | Noticed Eustachio
  2665 | D        | Killed Eustachio
  2697 | D        | Noticed Psyche
  2702 | D        | Killed Psyche
  2702 | D        | Received a gift from Trog
  2763 | D        | Got the +7 crystal plate armour "Nunnaf" {rPois MP+9 Int-3}
  2835 | D        | Noticed a centaur warrior
  2837 | D        | Noticed a centaur warrior
  2851 | D        | Noticed an ice dragon
  2854 | D        | Received a gift from Trog
  2857 | D        | Noticed a white very ugly thing
  2860 | D        | Killed a centaur warrior
  2860 | D        | Noticed an ice dragon
  2861 | D        | Noticed a deep troll shaman
  2865 | D        | Killed a centaur warrior
  2871 | D        | Killed a white very ugly thing
  2876 | D        | Noticed a tengu warrior
  2879 | D        | Killed an ice dragon
  2884 | D        | Killed an ice dragon
  2884 | D        | Received a gift from Trog
  2887 | D        | Killed a deep troll shaman
  2893 | D        | Killed a tengu warrior
  2963 | D        | Noticed Nergalle
  2972 | D        | Killed Nergalle
  2977 | D        | Received a gift from Trog
  2983 | D        | Noticed Azrael
  2995 | D        | Killed Azrael
  3231 | D        | Noticed Donald
  3244 | D        | Killed Donald
  3469 | D        | Noticed a satyr
  3473 | D        | Received a gift from Trog
  3476 | D        | Reached XP level 13. HP: 131/145 MP: 12/12
  3519 | D        | Received a gift from Trog
  3827 | D        | Received a gift from Trog
  3957 | D        | Noticed an entropy weaver
  3966 | D        | Noticed an emperor scorpion
  3970 | D        | Killed an entropy weaver
  3970 | D        | Identified the +6 scimitar "Killer Klown's Foe" {flame, rF+
                  | MP-9 Str+2} (Trog gifted it to you in the Dungeon)
  3970 | D        | Received a gift from Trog
  3976 | D        | Noticed a broodmother
  3984 | D        | Received a gift from Trog
  4002 | D        | Killed an emperor scorpion
  4007 | D        | Killed a broodmother
  4135 | D        | Received a gift from Trog
  4140 | D        | Noticed a bunyip
  4155 | D        | Identified the +8 great sword of Agnosticism {vorpal,
                  | Fragile rElec rPois} (Trog gifted it to you in the Dungeon)
  4155 | D        | Received a gift from Trog
  4165 | D        | Killed a bunyip
  4406 | D        | Noticed Agnes
  4414 | D        | Killed Agnes
  4452 | D        | Noticed Erica
  4460 | D        | Killed Erica
  4487 | D        | Noticed a purple very ugly thing
  4494 | D        | Noticed an iron dragon
  4496 | D        | Killed a purple very ugly thing
  4496 | D        | Received a gift from Trog
  4503 | D        | Reached XP level 14. HP: 162/162 MP: 13/13
  4514 | D        | Noticed an iron dragon
  4515 | D        | Killed an iron dragon
  4515 | D        | Received a gift from Trog
  4516 | D        | Noticed a purple very ugly thing
  4525 | D        | Noticed a frost giant
  4530 | D        | Killed an iron dragon
  4533 | D        | Killed a purple very ugly thing
  4535 | D        | Noticed a fire giant
  4538 | D        | Noticed a stone giant
  4546 | D        | Received a gift from Trog
  4558 | D        | Killed a frost giant
  4565 | D        | Killed a fire giant
  4566 | D        | Reached skill level 27 in Long Blades
  4575 | D        | Killed a stone giant
  4587 | D        | Received a gift from Trog
  4588 | D        | Reached skill level 27 in Fighting
  4910 | D        | Noticed an ironbound preserver
  4910 | D        | Noticed a cyan very ugly thing
  4916 | D        | Killed an ironbound preserver
  4920 | D        | Killed a cyan very ugly thing
  4921 | D        | Noticed an ironbound thunderhulk
  4924 | D        | Noticed an ironbound thunderhulk
  4926 | D        | Received a gift from Trog
  4939 | D        | Killed an ironbound thunderhulk
  4941 | D        | Killed an ironbound thunderhulk
  4941 | D        | Received a gift from Trog
  5288 | D        | Noticed an ironbound preserver
  5298 | D        | Killed an ironbound preserver
  5298 | D        | Received a gift from Trog
  5311 | D        | Reached skill level 27 in Armour
  5313 | D        | Received a gift from Trog
  5457 | D        | Noticed Jory
  5487 | D        | Killed Jory
  5488 | D        | Reached skill level 1 in Short Blades
  5488 | D        | Reached skill level 1 in Axes
  5488 | D        | Reached skill level 1 in Polearms
  5488 | D        | Reached skill level 1 in Staves
  5488 | D        | Reached skill level 1 in Ranged Weapons
  5488 | D        | Reached skill level 1 in Throwing
  5488 | D        | Reached skill level 1 in Unarmed Combat
  5488 | D        | Reached skill level 1 in Invocations
  5488 | D        | Reached skill level 1 in Evocations
  5834 | D        | Noticed Boris
  5835 | D        | Noticed Nikola
  5846 | D        | Killed Boris
  5856 | D        | Killed Nikola
  5856 | D        | Received a gift from Trog
  6124 | D        | Noticed Mara
  6136 | D        | Killed Mara
  6137 | D        | Reached skill level 5 in Shields
  6137 | D        | Reached XP level 15. HP: 174/174 MP: 16/16
  6282 | D        | Noticed Xtahua
  6282 | D        | Paralysed by Xtahua for 4 turns
  6294 | D        | Killed Xtahua
  6497 | D        | Noticed a nagaraja
  6497 | D        | Noticed a nagaraja
  6497 | D        | Noticed a nagaraja
  6503 | D        | Reached skill level 15 in Maces & Flails
  6503 | D        | Received a gift from Trog
  6508 | D        | Killed a nagaraja
  6509 | D        | Reached skill level 5 in Stealth
  6524 | D        | Noticed a nagaraja
  6525 | D        | Killed a nagaraja
  6526 | D        | Reached skill level 5 in Polearms
  6528 | D        | Reached skill level 5 in Axes
  6528 | D        | Reached skill level 5 in Staves
  6528 | D        | Reached skill level 10 in Dodging
  6534 | D        | Killed a nagaraja
  6534 | D        | Received a gift from Trog
  6537 | D        | Killed a nagaraja
  6541 | D        | Reached skill level 5 in Short Blades
  6541 | D        | Reached skill level 5 in Ranged Weapons
  6542 | D        | Received a gift from Trog
  6555 | D        | Got a serpentine rune of Zot
  6686 | D        | Reached skill level 5 in Unarmed Combat
  6691 | D        | Received a gift from Trog
  6692 | D        | Reached skill level 5 in Throwing
  6710 | D        | Reached skill level 5 in Invocations
  6723 | D        | Got a decaying rune of Zot
  6743 | D        | Noticed an emperor scorpion
  6743 | D        | Noticed an emperor scorpion
  6756 | D        | Killed an emperor scorpion
  6756 | D        | Received a gift from Trog
  6768 | D        | Killed an emperor scorpion
  6776 | D        | Reached skill level 5 in Evocations
  6778 | D        | Noticed an emperor scorpion
  6780 | D        | Noticed an emperor scorpion
  6785 | D        | Killed an emperor scorpion
  6797 | D        | Killed an emperor scorpion
  6797 | D        | Received a gift from Trog
  6812 | D        | Got a gossamer rune of Zot
  7028 | D        | Noticed Ilsuiw
  7037 | D        | Identified the +11 quarterstaff of Mutilation {flame, rF+
                  | Str+7} (Trog gifted it to you in the Dungeon)
  7037 | D        | Received a gift from Trog
  7053 | D        | Killed Ilsuiw
  7075 | D        | Received a gift from Trog
  7115 | D        | Got a barnacled rune of Zot
  7366 | D        | Noticed Louise
  7376 | D        | Killed Louise
  7450 | D        | Noticed Frederick
  7461 | D        | Killed Frederick
  7461 | D        | Received a gift from Trog
  7630 | D        | Reached XP level 16. HP: 183/183 MP: 20/20
  7644 | D        | Received a gift from Trog
  7699 | D        | Received a gift from Trog
  7711 | D        | Reached skill level 10 in Shields
  7715 | D        | Reached skill level 10 in Polearms
  7724 | D        | Reached skill level 10 in Axes
  7734 | D        | Reached skill level 10 in Staves
  7925 | D        | Received a gift from Trog
  7962 | D        | Received a gift from Trog
  7987 | D        | Noticed a shadow dragon
  7995 | D        | Received a gift from Trog
  8001 | D        | Noticed a shadow dragon
  8003 | D        | Reached skill level 10 in Short Blades
  8003 | D        | Reached skill level 10 in Ranged Weapons
  8023 | D        | Killed a shadow dragon
  8033 | D        | Killed a shadow dragon
  8034 | D        | Received a gift from Trog
  8049 | D        | Slain by a war gargoyle

Illustrated notes

Levels and vault maps discovered:
D:        linesprint [early_d, line_temple, items_1, d_10, items_2, lair_1,
          lair_end, items_3, orc_1, orc_end, items_4, d_15, swamp_1, shoals_1,
          snake_1, spider_1, d_20, vaults_1, items_5, swamp_end, shoals_end,
          snake_end, spider_end, vaults_end, d_27, items_6, zot_1, zot_end,
          crypt_end, forest_end, elf_end, slime_end, tomb_end, abyss_end,
          pan_hell_end]

Skill      XL: |  1  2  3  4  5  6  7  8  9 10 11 12 13 14 15 16 |
---------------+-------------------------------------------------+-----
Fighting       | 5 6 8 9 11 12 13 14 16 19 21 25 27 | 27.0
Maces & Flails | 5 7 8 10 12 13 14 16 17 | 17.8
Armour         | 3 4 5 6 7 9 11 14 17 18 21 27 | 27.0
Dodging        | 3 4 5 6 7 8 9 12 13 | 13.3
Long Blades    | 1 3 6 10 14 17 20 23 26 27 | 27.0
Stealth        | 1 2 3 4 7 9 |  9.4
Shields        | 2 3 5 9 11 | 11.2
Short Blades   | 3 8 10 | 10.3
Axes           | 3 9 11 | 11.2
Polearms       | 3 9 11 | 11.3
Staves         | 3 9 11 | 11.2
Ranged Weapons | 3 8 10 | 10.3
Throwing       | 3 7 9 |  9.5
Unarmed Combat | 3 7 9 |  9.7
Invocations    | 3 7 8 |  8.9
Evocations     | 2 6 8 |  8.1

Action                   |  1- 3 |  4- 6 |  7- 9 | 10-12 | 13-15 | 16-18 || total
-------------------------+-------+-------+-------+-------+-------+-------++-------
Melee: Mace              |    17 |     5 |       |       |       |       ||    22
       Headbutt          |     2 |     1 |    16 |    52 |   135 |    59 ||   265
       Scimitar          |       |    20 |    62 |     8 |       |       ||    90
       Demon blade       |       |       |       |   152 |       |       ||   152
       Great sword       |       |       |       |    34 |   400 |   212 ||   646
       Triple sword      |       |       |       |    86 |   122 |       ||   208
Invok: Berserk           |     1 |     1 |     2 |     6 |    17 |     2 ||    29
       Brothers in Arms  |       |       |     1 |     2 |     7 |       ||    10
       Trog's Hand       |       |       |     1 |     1 |    10 |     2 ||    14
  Use: Potion            |       |     1 |     3 |     6 |    11 |     2 ||    23
       Scroll            |       |       |       |     6 |     7 |       ||    13
Armor: Animal skin       |     3 |       |       |       |       |       ||     3
       Plate armour      |       |    16 |    43 |    82 |       |       ||   141
       Crystal plate arm |       |       |       |    74 |   484 |   109 ||   667
Dodge: Dodged            |     7 |    12 |    31 |    91 |   217 |    53 ||   411
Block: Buckler           |       |       |       |     6 |       |       ||     6
